 Dungeon Crawl Stone Soup version 0.31.0-11-ge490571c62 (webtiles) character file.

Game seed: 11950327742628213613

13 BeingJoeMalik the Sneak (level 2, 0/24 HPs)
             Began as a Human Delver on Jan 28, 2024.
             Slain by an orc
             ... wielding a +0 flail
              (6 damage)
             ... on level 5 of the Dungeon.
             The game lasted 00:01:21 (197 turns).

BeingJoeMalik the Sneak (Human Delver)               Turns: 197, Time: 00:01:22

Health: 0/24       AC:  3    Str: 12    XL:     2   Next: 37%
Magic:  2/2        EV: 12    Int: 10    God:
Gold:   10         SH:  0    Dex: 14    Spells: 1/1 levels left

rFire   . . .        a - +0 hand axe
rCold   . . .        (no shield)
rNeg    . . .        b - +0 leather armour
rPois   .            (no helmet)
rElec   .            (no cloak)
rCorr   .            (no gloves)
SInv    .            (no boots)
Will    .....        (no amulet)
Stlth   +++          (no ring)
HPRegen 0.24/turn    (no ring)
MPRegen 0.08/turn

%: no passive effects
@: hasted, very quick
A: explore regen
a: no special abilities


You were on level 5 of the Dungeon.
You visited 1 branch of the dungeon, and saw 2 of its levels.

You collected 10 gold pieces.

Inventory:

Hand Weapons
 a - a +0 hand axe (weapon)
Armour
 b - a +0 leather armour (worn)
Wands
 g - a wand of digging (3)
Scrolls
 c - a scroll of fog
 d - a scroll of revelation
 e - a scroll of fear
 h - 2 scrolls of identify {unknown}


   Skills:
 + Level 3.0 Fighting
 + Level 2.1 Axes
 + Level 2.0 Dodging
 + Level 5.4 Stealth


You had one spell level left.
You didn't know any spells.
Your spell library was empty.

Dungeon Overview and Level Annotations

Branches:
Dungeon (6/15)
 Temple: D:4-7

Altars:
Trog
Uskayaw
Xom


Innate Abilities, Weirdness & Mutations

You regain HP and MP as you explore.


Message History

The centaur wields a +0 shortbow.
The centaur shoots an arrow.
The arrow barely misses you.
The adder hisses angrily.
You feel yourself speed up.
An orc comes into view. It is wielding a +0 flail.
The orc shouts!
The orc closely misses you.
You hit the orc.
The orc is severely wounded.
The orc hits you with a +0 short sword. The adder barely misses you.
You closely miss the adder. You barely miss the orc.
The orc hits you but does no damage. The adder barely misses you.
You slash the adder!
The adder is severely wounded.
You barely miss the orc. The adder bites you but does no damage.
The orc barely misses you.
Unknown command.
You hit the adder.
You kill the adder!
You hit the orc but do no damage.
You have reached level 2!
You hit the centaur.
The centaur is lightly wounded.
You hit the orc.
You kill the orc!
The centaur unwields a +0 shortbow.
The centaur misses you. The centaur completely misses you.
Unknown command.
You hit the centaur.
The centaur is moderately wounded.
You hit the orc. The centaur hits you. The centaur kicks you.
The orc hits you with a +0 flail.
* * * LOW HITPOINT WARNING * * *
Unknown command.
You hit the centaur.
The centaur is moderately wounded.
You barely miss the orc. The centaur closely misses you. The centaur kicks you.
* * * LOW HITPOINT WARNING * * *
The orc hits you with a +0 flail.
You die...

. ###.......#
$.##.........#
............#
#._.#.......#
.......?....#
#..........#
########## #?.......#
#.........
#.#...o####
#......... ####c@..#
#.........
####.#####.........
#....##.........
#.!.###............
#...#######+###....
#............##....
S...........#..#....
....#........##.+....
.....................


You could see a centaur and an orc.

Vanquished Creatures
  An adder (D:5)
  2 orcs (D:5)
3 creatures vanquished.

Notes
Turn   | Place    | Note
-------+----------+-------------------------------------------
     0 | D:5      | BeingJoeMalik the Human Delver began the quest for the Orb.
     0 | D:5      | Reached XP level 1. HP: 18/18 MP: 1/1
     1 | D:6      | Noticed an ice beast
    55 | D:5      | Found a shimmering altar of Xom.
   103 | D:5      | Noticed an orc wizard
   150 | D:5      | Found a hide-covered altar of Uskayaw.
   179 | D:5      | Found a bloodstained altar of Trog.
   179 | D:5      | Noticed a centaur
   195 | D:5      | Reached XP level 2. HP: 21/24 MP: 2/2
   197 | D:5      | Slain by an orc

Illustrated notes

Levels and vault maps discovered:
D:5:      layout_basic, mainiacjoe_overflow_tiny_flanked, marbit_many_paths,
          mainiacjoe_overflow_boulevard, mainiacjoe_overflow_24_doors,
          minmay_misc_feat_ornament, uniq_crazy_yiuf_cottage
D:6:      layout_rooms, kennysheep_slug_shrine, lemuel_coloured_pillars_altar,
          makhleb_heckhound_becter

Action                     || total
---------------------------++-------
  Melee: Hand axe          ||    13
    Use: Potion            ||     1
 Armour: Leather armour    ||    10
  Dodge: Dodged            ||    12
